3L
THUNDER BAY NORTHERN LIONS BC @ SEATTLE AVIATORS
09/22/2019
 
TOP OF THE 1ST
Thunder Bay Northern Lions BC batting - Pitching for Seattle Aviators : LHP Ryan McCall
Pitching: LHP Ryan McCall
Batting: LHB Curtis Peters 0-0: Ball
1-0: Ball
2-0: Ball
3-0: Base on Balls
Batting: LHB Keith Bridges 0-0: Ball
Curtis Peters steals 2nd base
1-0: Ball
2-0: Ball
3-0: Called Strike
3-1: Base on Balls
Batting: LHB David Smith 0-0: Called Strike
0-1: Ball
1-1: Fly out, F9 (Flyball, 89M)
Runner from 2nd tags up, SAFE at 3rd with throw
Batting: SHB Arnold Griffith 0-0: Called Strike
0-1: Ball
1-1: SINGLE (Groundball, 56D)
Curtis Peters scores
Keith Bridges to second
Batting: RHB Steve Brandon 0-0: Ball
1-0: Called Strike
1-1: Foul Ball, location: 2F
1-2: Foul Ball, location: 2F
1-2: Ball
2-2: Foul Ball, location: 2F
2-2: Foul Ball, location: 2F
2-2: Foul Ball, location: 2F
2-2: Ball
3-2: Base on Balls
Keith Bridges to third
Arnold Griffith to second
Batting: RHB Duncan Thomas 0-0: Ball
1-0: Ball
2-0: Foul Ball, location: 2F
2-1: Swinging Strike
2-2: Ball
3-2: Foul Ball, location: 2F
3-2: Base on Balls
Keith Bridges scores
Arnold Griffith to third
Steve Brandon to second
Batting: RHB Ramiro Rico 0-0: Foul Ball, location: 2F
0-1: Ball
1-1: Ball
2-1: Ball
3-1: Base on Balls
Arnold Griffith scores
Steve Brandon to third
Duncan Thomas to second
Batting: LHB Don Sullivan 0-0: Foul Ball, location: 2F
0-1: Grounds into double play, U3-6 (Groundball, 3L)
Top of the 1st over - 3 run(s), 1 hit(s), 0 error(s), 2 left on base; Thunder Bay 3 - Seattle 0
BOTTOM OF THE 1ST
Seattle Aviators batting - Pitching for Thunder Bay Northern Lions BC : RHP Makoto Kato
Pitching: RHP Makoto Kato
Batting: LHB Phil Parkinson 0-0: Ball
1-0: Ball
2-0: Foul Ball, location: 2F
2-1: Foul Ball, location: 2F
2-2: Ground out 4-3 (Groundball, 4)
Batting: RHB José Lozano 0-0: Ball
1-0: Called Strike
1-1: Ball
2-1: Foul Ball, location: 2F
2-2: Ball
3-2: Foul Ball, location: 2F
3-2: Base on Balls
Batting: RHB John MacGregor 0-0: Ball
1-0: Ball
2-0: Ball
3-0: Base on Balls
José Lozano to second
Batting: LHB Michael Greene 0-0: Ball
1-0: SINGLE (Line Drive, 56D)
José Lozano to third
John MacGregor to second
Batting: LHB Vern Forrest 0-0: Ball
1-0: Foul Ball, location: 2F
1-1: Swinging Strike
1-2: Foul Ball, location: 2F
1-2: Foul Ball, location: 2F
1-2: Fly out, F8 (Flyball, 8RM)
Runner from 3rd tags up, SCORES, throw made
Batting: LHB Salvador Vidal 0-0: Ball
1-0: Ball
2-0: Foul Ball, location: 2F
2-1: Ball
3-1: Base on Balls
John MacGregor to third
Michael Greene to second
Batting: SHB Dan Hunt 0-0: Ball
1-0: Ball
2-0: Foul Ball, location: 2F
2-1: Foul Ball, location: 2F
2-2: Fly out, F8 (Flyball, 8RD)
Bottom of the 1st over - 1 run(s), 1 hit(s), 0 error(s), 3 left on base; Thunder Bay 3 - Seattle 1
TOP OF THE 2ND
Thunder Bay Northern Lions BC batting - Pitching for Seattle Aviators : LHP Ryan McCall
Batting: RHB Makoto Kato 0-0: Ball
1-0: Ball
2-0: Called Strike
2-1: Ball
3-1: Base on Balls
Batting: LHB Curtis Peters 0-0: Foul Ball, location: 2F
0-1: Ball
1-1: Swinging Strike
1-2: Ball
2-2: Ball
3-2: Foul Ball, location: 2F
3-2: Fly out, F7 (Line Drive, 78M)
Batting: LHB Keith Bridges 0-0: Swinging Strike
0-1: Ball
1-1: Foul Ball, location: 2F
1-2: Strikes out swinging
Batting: LHB David Smith 0-0: Called Strike
0-1: Called Strike
0-2: Ball
1-2: Fly out, F8 (Flyball, 8RM)
Top of the 2nd over - 0 run(s), 0 hit(s), 0 error(s), 1 left on base; Thunder Bay 3 - Seattle 1
BOTTOM OF THE 2ND
Seattle Aviators batting - Pitching for Thunder Bay Northern Lions BC : RHP Makoto Kato
Batting: RHB Lane Rich 0-0: Ball
1-0: Bunt for hit - play at first, batter OUT! 2-3
Batting: LHB Ryan McCall 0-0: Ball
1-0: Ball
2-0: Swinging Strike
2-1: Foul Ball, location: 2F
2-2: Foul Ball, location: 2F
2-2: Foul Ball, location: 2F
2-2: Ball
3-2: Fly out, F9 (Flyball, 89M)
Batting: LHB Phil Parkinson 0-0: Reached on error, E5 (Groundball, 56)
Batting: RHB José Lozano 0-0: Fly out, F4 (Line Drive, 4)
Bottom of the 2nd over - 0 run(s), 0 hit(s), 1 error(s), 1 left on base; Thunder Bay 3 - Seattle 1
TOP OF THE 3RD
Thunder Bay Northern Lions BC batting - Pitching for Seattle Aviators : LHP Ryan McCall
Batting: SHB Arnold Griffith 0-0: Called Strike
0-1: Swinging Strike
0-2: Ball
1-2: Ball
2-2: Strikes out looking
Batting: RHB Steve Brandon 0-0: Called Strike
0-1: Foul Ball, location: 2F
0-2: Strikes out looking
Batting: RHB Duncan Thomas 0-0: Called Strike
0-1: Fly out, F9 (Flyball, 9S)
Top of the 3rd over - 0 run(s), 0 hit(s), 0 error(s), 0 left on base; Thunder Bay 3 - Seattle 1
BOTTOM OF THE 3RD
Seattle Aviators batting - Pitching for Thunder Bay Northern Lions BC : RHP Makoto Kato
Batting: RHB John MacGregor 0-0: Ball
1-0: Fly out, F9 (Flyball, 9M)
Batting: LHB Michael Greene 0-0: Foul Ball, location: 2F
0-1: Swinging Strike
0-2: Ball
1-2: Fly out, F4 (Popup, 3DF)
Batting: LHB Vern Forrest 0-0: Fly out, F8 (Flyball, 8RD)
Bottom of the 3rd over - 0 run(s), 0 hit(s), 0 error(s), 0 left on base; Thunder Bay 3 - Seattle 1
TOP OF THE 4TH
Thunder Bay Northern Lions BC batting - Pitching for Seattle Aviators : LHP Ryan McCall
Batting: RHB Ramiro Rico 0-0: Ball
1-0: Ball
2-0: Ball
3-0: Base on Balls
Batting: LHB Don Sullivan 0-0: Ball
1-0: Ball
2-0: Ball
3-0: Base on Balls
Ramiro Rico to second
Batting: RHB Makoto Kato 0-0: Bunt missed!
0-1: Bunted foul
0-2: Bunted foul, Strikeout!
Batting: LHB Curtis Peters 0-0: Ball
1-0: Swinging Strike
1-1: Called Strike
1-2: Strikes out swinging
Batting: LHB Keith Bridges 0-0: Ball
1-0: Foul Ball, location: 2F
1-1: Foul Ball, location: 2F
1-2: Ball
2-2: Reached on Error, E7 (Flyball, 78S)
Ramiro Rico scores
Don Sullivan to third
Batting: LHB David Smith 0-0: Called Strike
0-1: Called Strike
0-2: Ball
1-2: Fly out, F9 (Flyball, 9M)
Top of the 4th over - 1 run(s), 0 hit(s), 1 error(s), 2 left on base; Thunder Bay 4 - Seattle 1
BOTTOM OF THE 4TH
Seattle Aviators batting - Pitching for Thunder Bay Northern Lions BC : RHP Makoto Kato
Batting: LHB Salvador Vidal 0-0: Ball
1-0: Swinging Strike
1-1: Foul Ball, location: 2F
1-2: Ground out U3 (Groundball, 3)
Batting: SHB Dan Hunt 0-0: Called Strike
0-1: Foul Ball, location: 2F
0-2: Foul Ball, location: 2F
0-2: Strikes out swinging
Batting: RHB Lane Rich 0-0: Ball
1-0: Swinging Strike
1-1: Ball
2-1: Swinging Strike
2-2: Foul Ball, location: 2F
2-2: Foul Ball, location: 2F
2-2: Ball
3-2: Strikes out swinging
Bottom of the 4th over - 0 run(s), 0 hit(s), 0 error(s), 0 left on base; Thunder Bay 4 - Seattle 1
TOP OF THE 5TH
Thunder Bay Northern Lions BC batting - Pitching for Seattle Aviators : LHP Ryan McCall
Batting: SHB Arnold Griffith 0-0: Ball
1-0: Swinging Strike
1-1: Called Strike
1-2: Strikes out swinging
Batting: RHB Steve Brandon 0-0: Ball
1-0: Foul Ball, location: 2F
1-1: SOLO HOME RUN (Line Drive, 7LD), Distance : 344 ft
Batting: RHB Duncan Thomas 0-0: Ball
1-0: Called Strike
1-1: Ball
2-1: Fly out, F7 (Line Drive, 7D)
Batting: RHB Ramiro Rico 0-0: Ball
1-0: Called Strike
1-1: Ball
2-1: Swinging Strike
2-2: Ground out 1-3 (Groundball, 13S)
Top of the 5th over - 1 run(s), 1 hit(s), 0 error(s), 0 left on base; Thunder Bay 5 - Seattle 1
BOTTOM OF THE 5TH
Seattle Aviators batting - Pitching for Thunder Bay Northern Lions BC : RHP Makoto Kato
Pinch Hitting: LHB Nathan Santos 0-0: Called Strike
0-1: Ball
1-1: Hit by Pitch
Batting: LHB Phil Parkinson 0-0: Ball
1-0: Ball
2-0: SINGLE (Groundball, 23) (infield hit)
Nathan Santos to second
Batting: RHB José Lozano 0-0: Ball
1-0: Ball
2-0: Ball
3-0: Called Strike
3-1: Base on Balls
Nathan Santos to third
Phil Parkinson to second
Batting: RHB John MacGregor 0-0: Foul Ball, location: 2F
0-1: Ball
1-1: Ball
2-1: Fly out, F3 (Popup, 3S)
Batting: LHB Michael Greene 0-0: Ball
1-0: Grounds into double play, 4-6-3 (Groundball, 4)
Bottom of the 5th over - 0 run(s), 1 hit(s), 0 error(s), 2 left on base; Thunder Bay 5 - Seattle 1
TOP OF THE 6TH
Thunder Bay Northern Lions BC batting - Pitching for Seattle Aviators : LHP Ryan McCall
Pitching: RHP Esteban García
Batting: LHB Don Sullivan 0-0: Swinging Strike
0-1: Called Strike
0-2: Fly out, F5 (Popup, 5SF)
Pitching: RHP Nathan Rutgers
Batting: RHB Makoto Kato 0-0: Called Strike
0-1: Fly out, F4 (Popup, 4)
Batting: LHB Curtis Peters 0-0: Ball
1-0: Called Strike
1-1: Swinging Strike
1-2: Ball
2-2: Ball
3-2: Foul Ball, location: 2F
3-2: Strikes out swinging
Top of the 6th over - 0 run(s), 0 hit(s), 0 error(s), 0 left on base; Thunder Bay 5 - Seattle 1
BOTTOM OF THE 6TH
Seattle Aviators batting - Pitching for Thunder Bay Northern Lions BC : RHP Makoto Kato
Batting: LHB Vern Forrest 0-0: Ball
1-0: Swinging Strike
1-1: Called Strike
1-2: Strikes out looking
Batting: LHB Salvador Vidal 0-0: Ball
1-0: DOUBLE (Line Drive, 3L)
Batting: SHB Dan Hunt 0-0: Foul Ball, location: 2F
0-1: Ball
1-1: Ball
2-1: Foul Ball, location: 2F
2-2: Foul Ball, location: 2F
2-2: Strikes out swinging
Batting: RHB Lane Rich 0-0: Ball
1-0: Foul Ball, location: 2F
1-1: Ball
2-1: Foul Ball, location: 2F
2-2: Foul Ball, location: 2F
2-2: Ground out 4-3 (Groundball, 4)
Bottom of the 6th over - 0 run(s), 1 hit(s), 0 error(s), 1 left on base; Thunder Bay 5 - Seattle 1
TOP OF THE 7TH
Thunder Bay Northern Lions BC batting - Pitching for Seattle Aviators : RHP Nathan Rutgers
Batting: LHB Keith Bridges 0-0: Fly out, F8 (Flyball, 8RD)
Batting: LHB David Smith 0-0: Called Strike
0-1: Foul Ball, location: 2F
0-2: Ground out 6-3 (Groundball, 6M)
Batting: SHB Arnold Griffith 0-0: Foul Ball, location: 2F
0-1: Swinging Strike
0-2: Ball
1-2: Foul Ball, location: 2F
1-2: SINGLE (Line Drive, 9LM)
Batting: RHB Steve Brandon 0-0: Ball
1-0: Ball
2-0: Swinging Strike
2-1: Ball
3-1: Swinging Strike
3-2: Strikes out looking
Top of the 7th over - 0 run(s), 1 hit(s), 0 error(s), 1 left on base; Thunder Bay 5 - Seattle 1
BOTTOM OF THE 7TH
Seattle Aviators batting - Pitching for Thunder Bay Northern Lions BC : RHP Makoto Kato
Pinch Hitting: RHB Vernon Caw 0-0: Ball
1-0: Swinging Strike
1-1: Ball
2-1: Called Strike
2-2: SINGLE (Line Drive, 6MD)
Batting: LHB Phil Parkinson 0-0: Ball
1-0: Called Strike
1-1: Ball
2-1: SINGLE (Groundball, 25) (infield hit)
Vernon Caw to second
Batting: RHB José Lozano 0-0: Called Strike
0-1: Ball
1-1: Called Strike
1-2: Fly out, F8 (Flyball, 8RD)
Runner from 2nd tags up, SAFE at 3rd, no throw
Batting: RHB John MacGregor 0-0: Called Strike
0-1: Grounds into double play, 6-4-3 (Groundball, 6)
Bottom of the 7th over - 0 run(s), 2 hit(s), 0 error(s), 1 left on base; Thunder Bay 5 - Seattle 1
TOP OF THE 8TH
Thunder Bay Northern Lions BC batting - Pitching for Seattle Aviators : RHP Nathan Rutgers
Pitching: RHP Pete Poirot
Batting: RHB Duncan Thomas 0-0: Ground out 4-3 (Groundball, 4)
Batting: RHB Ramiro Rico 0-0: Ball
1-0: Ball
2-0: Ball
3-0: Called Strike
3-1: Fly out, F8 (Line Drive, 8RM)
Batting: LHB Don Sullivan 0-0: Swinging Strike
0-1: Swinging Strike
0-2: Ball
1-2: Foul Ball, location: 2F
1-2: Reached on error, E5 (Groundball, 56S)
Pinch Hitting: LHB Arnold Cook 0-0: Called Strike
0-1: Ball
1-1: Ball
2-1: Ball
3-1: Called Strike
3-2: Fly out, F9 (Flyball, 9LM)
Top of the 8th over - 0 run(s), 0 hit(s), 1 error(s), 1 left on base; Thunder Bay 5 - Seattle 1
BOTTOM OF THE 8TH
Seattle Aviators batting - Pitching for Thunder Bay Northern Lions BC : RHP Makoto Kato
Pitching: RHP Octávio Rodríguez
Batting: LHB Michael Greene 0-0: Foul Ball, location: 2F
0-1: Called Strike
0-2: SINGLE (Flyball, 9LS)
Batting: LHB Vern Forrest 0-0: Called Strike
0-1: Swinging Strike
0-2: Strikes out swinging
Batting: LHB Salvador Vidal 0-0: Ball
1-0: Reached on Error, E7 (Flyball, 7LM)
Michael Greene to second
Pitching: LHP Jake O'Tomalty
Batting: SHB Dan Hunt 0-0: Ball
1-0: Foul Ball, location: 2F
1-1: Swinging Strike
1-2: Ball
2-2: Strikes out looking
Batting: RHB Lane Rich 0-0: Ball
1-0: Called Strike
1-1: Ball
2-1: Foul Ball, location: 2F
2-2: Foul Ball, location: 2F
2-2: Ball
3-2: Strikes out looking
Bottom of the 8th over - 0 run(s), 1 hit(s), 1 error(s), 2 left on base; Thunder Bay 5 - Seattle 1
TOP OF THE 9TH
Thunder Bay Northern Lions BC batting - Pitching for Seattle Aviators : RHP Pete Poirot
Batting: LHB Curtis Peters 0-0: Ball
1-0: Swinging Strike
1-1: DOUBLE (Line Drive, 34D)
Batting: LHB Keith Bridges 0-0: Ball
Curtis Peters is caught stealing 3rd base
1-0: Foul Ball, location: 2F
1-1: Swinging Strike
1-2: Ball
2-2: Foul Ball, location: 2F
2-2: Foul Ball, location: 2F
2-2: SOLO HOME RUN (Flyball, 7LD) (Inside the Park)
Batting: LHB David Smith 0-0: Ball
1-0: Foul Ball, location: 2F
1-1: Ball
2-1: Ground out U3 (Groundball, 3)
Batting: SHB Arnold Griffith 0-0: Called Strike
0-1: Ball
1-1: Foul Ball, location: 2F
1-2: Foul Ball, location: 2F
1-2: Ball
2-2: SINGLE (Line Drive, 34D)
Batting: RHB Steve Brandon 0-0: Foul Ball, location: 2F
0-1: Swinging Strike
0-2: Ball
1-2: Foul Ball, location: 2F
1-2: Ball
2-2: Strikes out swinging
Top of the 9th over - 1 run(s), 3 hit(s), 0 error(s), 1 left on base; Thunder Bay 6 - Seattle 1
BOTTOM OF THE 9TH
Seattle Aviators batting - Pitching for Thunder Bay Northern Lions BC : LHP Jake O'Tomalty
Pitching: RHP Benny York
Pinch Hitting: RHB Craig Stewart 0-0: Called Strike
0-1: SINGLE (Line Drive, 9LS)
Batting: LHB Phil Parkinson 0-0: Ball
1-0: Foul Ball, location: 2F
1-1: Ball
2-1: Ground out 1-3 (Groundball, 15S)
Craig Stewart to second
Batting: RHB José Lozano 0-0: Ball
1-0: Ball
2-0: Foul Ball, location: 2F
2-1: Swinging Strike
2-2: Fly out, F9 (Popup, 8RS)
Batting: RHB John MacGregor 0-0: Reached on error, E3 (Groundball, 3L)
Craig Stewart to third
Batting: LHB Michael Greene 0-0: Ball
1-0: Ball
2-0: Ball
3-0: Base on Balls
John MacGregor to second
Batting: LHB Vern Forrest 0-0: Called Strike
0-1: Ball
1-1: Ball
2-1: Swinging Strike
2-2: Strikes out looking
Bottom of the 9th over - 0 run(s), 1 hit(s), 1 error(s), 3 left on base; Thunder Bay 6 - Seattle 1
This league is powered by Out of the Park Baseball, the baseball management simulation game for PC, Mac and Linux
Saturday, July 25th, 2015 - OOTP Baseball 15.6 Build 34